 Dungeon Crawl Stone Soup version 0.28-a0-973-ga7f8b01127 (webtiles) character file.

Game seed: 8199609939994885339

6367 zxcva the Thaumaturge (level 10, -11/53 HPs)
             Began as a Deep Elf Earth Elementalist on Dec 1, 2021.
             Was a Priest of Hepliaklqana.
             Shot with an arrow by a centaur warrior (21 damage)
             ... on level 9 of the Dungeon.
             The game lasted 00:18:52 (11957 turns).

zxcva the Thaumaturge (DEEE)                       Turns: 11957, Time: 00:18:52

Health: -11/53     AC:  5    Str:  5    XL:     10   Next: 65%
Magic:  23/26      EV: 14    Int: 25    God:    Hepliaklqana [***...]
Gold:   416        SH:  0    Dex: 15    Spells: 13/29 levels left

rFire   + . .      SeeInvis +   M - staff of conjuration
rCold   + . .      Faith    .   (no shield)
rNeg    + . .      Spirit   .   B - +2 robe {rC+ rF+}
rPois   +          Reflect  .   E - +0 hat
rElec   .          Harm     .   n - +0 cloak {rPois}
rCorr   .          Rampage  .   (no gloves)
Will    +....                   (no boots)
Stlth   ++........              (no amulet)
HPRegen 0.17/turn               l - ring of see invisible
MPRegen 0.20/turn               v - ring of positive energy

@: no status effects
A: reduced essence
a: Renounce Religion, Recall Ancestor, Ancestor Identity, Transference


You were on level 9 of the Dungeon.
You worshipped Hepliaklqana.
Hepliaklqana was most pleased with you.
You visited 1 branch of the dungeon, and saw 9 of its levels.

You collected 488 gold pieces.
You spent 72 gold pieces at shops.

Inventory:

Hand Weapons
 c - the +6 flail of Qahilyha {vamp, rPois rF+ rC+ Int-5}
   (You found it on level 8 of the Dungeon)

   It occasionally heals its wielder for a portion of the damage dealt when it
   wounds a living foe.
   Int:       It affects your intelligence (-5).
   rF:        It protects you from fire.
   rC:        It protects you from cold.
   rPois:     It protects you from poison.
 j - a +2 short sword of draining
 D - a +0 mace of protection
Missiles
 b - a throwing net
 k - 131 stones
Armour
 n - a +0 cloak of poison resistance (worn)
 B - a +2 robe of resistance (worn)
 E - a +0 hat (worn)
Magical Staves
 q - a staff of fire
 M - a staff of conjuration (weapon)
Jewellery
 g - an amulet of faith
 l - a ring of see invisible (left hand)
 v - a ring of positive energy (right hand)
 F - a ring of positive energy
 H - a ring of positive energy
 I - an amulet of magic regeneration
Wands
 i - a wand of paralysis (3)
 o - a wand of flame (58)
 L - a wand of polymorph (10)
Scrolls
 d - 5 scrolls of teleportation
 e - 2 scrolls of blinking {unknown}
 f - a scroll of holy word {unknown}
 m - 3 scrolls of amnesia {unknown}
 p - a scroll of fear {unknown}
 r - 2 scrolls of fog {unknown}
 s - 3 scrolls of vulnerability
 w - a scroll of immolation {unknown}
 y - 2 scrolls of silence {unknown}
 A - a scroll of identify
Potions
 h - a potion of might
 t - 4 potions of brilliance
 u - 2 potions of berserk rage
 x - a potion of attraction
 z - a potion of resistance
 C - 4 potions of curing
 G - a potion of degeneration {unknown}
 J - 3 potions of magic {unknown}
 K - a potion of haste {unknown}


   Skills:
 - Level 5.0 Fighting
 + Level 5.9 Dodging
 - Level 2.4 Stealth
 + Level 10.2 Spellcasting
 + Level 10.0 Conjurations
 + Level 4.1 Necromancy
 - Level 1.1 Transmutations
 + Level 8.7 Earth Magic


You had 13 spell levels left.
You knew the following spells:

 Your Spells              Type           Power      Damage    Failure   Level
a - Sandblast             Erth           100%       2d20      1%          1
b - Stone Arrow           Conj/Erth      100%       3d13      1%          3
c - Iron Shot             Conj/Erth      37%        9d7       16%         6
d - Death Channel         Necr           16%        N/A       80%         6

Your spell library contained the following spells:

 Spells                   Type           Power      Damage    Failure   Level
 Passwall                 Tmut/Erth      30%        N/A       1%          2
 Sublimation of Blood     Necr           33%        N/A       1%          2
 Corpse Rot               Necr/Air       46%        N/A       3%          2
 Freeze                   Ice            48%        1d7       4%          1
 Wereblood                Tmut           18%        N/A       4%          2
 Flame Wave               Conj/Fire      54%        2d9       6%          4
 Hailstorm                Conj/Ice       54%        3d12      6%          4
 Petrify                  Tmut/Erth      37%        N/A       6%          4
 Poisonous Vapours        Pois/Air       24%        N/A       8%          2
 Scorch                   Fire           24%        2d6       8%          2
 Animate Armour           Summ/Erth      68%        N/A       8%          4
 Dispel Undead            Necr           33%        3d14      9%          4
 Frozen Ramparts          Ice            24%        1d4       14%         3
 Blade Hands              Tmut           9%         N/A       65%         5
 Summon Cactus Giant      Summ           6%         N/A       100%        6
 Summon Hydra             Summ           6%         N/A       100%        7


Dungeon Overview and Level Annotations

Branches:
Dungeon (9/15)             Temple (0/1) D:7            Lair (0/6) D:8
    Orc: D:9-12

Altars:
Hepliaklqana
Kikubaaqudgha
Nemelex Xobeh
Uskayaw
Xom
Beogh

Shops:
D:2 (   D:7 *   D:9 =

Annotations:
D:4 3 runed translucent doors, Tenar's ghost, amateur DsEE


Message History

Ealamassi blocks the yak's attack.
Ealamassi barely misses the yak.
The yak misses Ealamassi.
Casting: Stone Arrow (safe; 1% risk of failure)
Confirm with . or Enter, or press ? or * to list all spells.
Aiming: Stone Arrow (safe; 1% risk of failure)
Press: ? - help, Shift-Dir - straight line, f - yak, p - yak
Aim: a yak (almost dead, ally target, 87% to hit)
You feel a surge of power!
The stone arrow hits the yak!
You kill the yak!
Ealamassi hits the yak with a +0 flail!
Your Conjurations skill increases to level 10!
The yak gores Ealamassi but does no damage.
Ealamassi hits the yak with a +0 flail!
The yak gores Ealamassi!
Ealamassi barely misses the yak.
The yak gores Ealamassi but does no damage.
The centaur warrior wields a +0 longbow.
The centaur warrior shoots an arrow.
The arrow hits you!!
The centaur warrior shoots an arrow.
The arrow hits Ealamassi!
The centaur warrior shoots an arrow.
The arrow hits you!
* * * LOW HITPOINT WARNING * * *
The centaur warrior shoots an arrow.
The arrow hits you!
* * * LOW HITPOINT WARNING * * *
Okay, then.
Okay, then.
You feel much better.
The centaur warrior shoots an arrow.
The arrow hits you!
The centaur warrior shoots an arrow.
The arrow hits Ealamassi!
The centaur warrior shoots an arrow.
The arrow hits Ealamassi!
Ealamassi is destroyed!
The centaur warrior shoots an arrow.
The arrow hits you!
* * * LOW HITPOINT WARNING * * *
Unknown command.
Really quaff the potion of attraction?
Okay, then.
Okay, then.
You feel much better.
The centaur warrior shoots an arrow.
The arrow completely misses you.
The centaur warrior shoots an arrow.
The arrow hits you!!
* * * LOW HITPOINT WARNING * * *
The centaur warrior shoots an arrow.
The arrow hits you!!
You die...

####..>..###........##
#.....# ##.......##
####......# ##..###
.........# ######.##
#### ..#.....### ##.##
##......########
##.######
.................##
##.<##.####
.........#######).#
#......... ##########
#..# ##........ #@.#
#########
##########.##
#......#.c##
##...###c.##
.####.[.## ####
#.......## #########
###..##..##
##.......## #.. ##..##
########..#####... #..
###.####.........#
###.


You could see a centaur warrior.

Vanquished Creatures
  Pikel (D:5)
  Maurice (D:8)
  Sigmund (D:2)
  A yak (D:9)
  2 wyverns
  Menkaure (D:5)
  Duvessa (D:7)
  3 water moccasins
  A black bear (D:6)
  An orc warrior (D:6)
  3 sky beasts
  2 hornet zombies (D:5)
  An ogre (D:5)
  2 necrophages
  A centaur (D:5)
  A lemure (D:5)
  3 kobold brigands
  A gnoll sergeant (D:5)
  A scorpion (D:5)
  Dowan (D:7)
  8 killer bees
  15 wights
  3 howler monkeys
  2 bullfrog zombies (D:6)
  3 centaur zombies
  7 hounds
  An orc priest (D:6)
  A centaur skeleton (D:7)
  Jessica (D:2)
  An iguana (D:4)
  Ijyb (D:5)
  2 orc wizards (D:6)
  A killer bee zombie (D:6)
  A hound zombie (D:5)
  A howler monkey zombie (D:6)
  Robin (D:2)
  A howler monkey skeleton (D:4)
  8 gnolls (D:5)
  5 adders
  A shadow imp (D:8)
  3 white imps
  2 ufetubi
  An adder skeleton (D:4)
  2 dart slugs (D:1)
  10 orcs
  4 endoplasms
  5 giant cockroaches
  14 goblins
  10 hobgoblins
  5 jackals
  A quokka (D:3)
  5 ball pythons
  5 bats
  3 frilled lizards
  13 kobolds
  5 rats
181 creatures vanquished.

Vanquished Creatures (collateral kills)
  Gastronok (D:9)
  An ogre (D:6)
2 creatures vanquished.

Vanquished Creatures (others)
  A knight (D:9)
1 creature vanquished.

Grand Total: 184 creatures vanquished

Notes
Turn   | Place    | Note
-------+----------+-------------------------------------------
     0 | D:1      | zxcva the Deep Elf Earth Elementalist began the quest for
                  | the Orb.
     0 | D:1      | Reached XP level 1. HP: 10/10 MP: 6/6
   213 | D:1      | Reached XP level 2. HP: 15/15 MP: 6/8
   481 | D:1      | Found a faded altar of an unknown god.
   955 | D:1      | Reached XP level 3. HP: 19/19 MP: 8/10
  1367 | D:2      | Learned a level 3 spell: Stone Arrow
  1640 | D:2      | Noticed Sigmund
  1641 | D:2      | Noticed Jessica
  1842 | D:2      | Killed Sigmund
  1843 | D:2      | Reached skill level 5 in Spellcasting
  1843 | D:2      | Reached XP level 4. HP: 24/24 MP: 3/13
  1843 | D:2      | Reached XP level 5. HP: 28/28 MP: 3/14
  1946 | D:2      | Found Anillih's Weapon Shop.
  1958 | D:2      | Noticed Robin
  2047 | D:2      | Killed Robin
  2221 | D:2      | Killed Jessica
  2222 | D:2      | Reached XP level 6. HP: 32/32 MP: 9/16
  3299 | D:4      | Noticed a sky beast
  3311 | D:4      | Killed a sky beast
  3503 | D:4      | Found a hazy altar of Hepliaklqana.
  3503 | D:4      | Found a hide-covered altar of Uskayaw.
  3545 | D:4      | Found a runed translucent gate.
  3545 | D:4      | Found a runed translucent gate.
  3545 | D:4      | Identified the +3 leather armour "Oniqoc" {Drain rN+++
                  | SInv}
  3547 | D:4      | Found a runed translucent gate.
  3547 | D:4      | Noticed Tenar's ghost (amateur DsEE)
  3550 | D:4      | Identified the +10 plate armour of Ethics {Str+3 SInv}
  3550 | D:4      | Noticed an orc warrior
  3557 | D:4      | Reached skill level 5 in Earth Magic
  3953 | D:4      | Became a worshipper of Hepliaklqana the Forgotten
  4071 | D:4      | Reached XP level 7. HP: 36/36 MP: 14/18
  4623 | D:5      | Entered Level 5 of the Dungeon
  4756 | D:5      | Reached skill level 5 in Conjurations
  4798 | D:5      | Noticed Ijyb
  4802 | D:5      | Reached skill level 1 in Fighting
  4818 | D:5      | Killed Ijyb
  4910 | D:5      | Reached XP level 8. HP: 31/43 MP: 2/20
  4948 | D:5      | Noticed Menkaure
  5063 | D:5      | Noticed Pikel
  5356 | D:5      | Killed Pikel
  5489 | D:5      | Killed Menkaure
  6007 | D:6      | Reached XP level 9. HP: 50/50 MP: 16/23
  7055 | D:6      | Reached * piety under Hepliaklqana
  7944 | D:6      | Learned a level 6 spell: Iron Shot
  7951 | D:6      | Learned a level 6 spell: Death Channel
  7971 | D:7      | Noticed Duvessa
  7971 | D:7      | Noticed Dowan
  7972 | D:7      | Killed Dowan
  7977 | D:7      | Killed Duvessa
  7978 | D:7      | Reached skill level 1 in Necromancy
  8670 | D:7      | Found Jics's General Store.
  8679 | D:7      | Bought 2 potions of curing for 72 gold pieces
  8782 | D:7      | Found a staircase to the Ecumenical Temple.
  8868 | D:7      | Reached ** piety under Hepliaklqana
  8900 | D:7      | Reached XP level 10. HP: 52/52 MP: 18/25
  9511 | D:7      | Found a shimmering altar of Xom.
  9514 | D:7      | Found a sparkling altar of Nemelex Xobeh.
  9516 | D:7      | Found an ancient bone altar of Kikubaaqudgha.
  9927 | D:8      | Found a staircase to the Lair.
 10838 | D:8      | Noticed Maurice
 10850 | D:8      | Killed Maurice
 10851 | D:8      | Reached skill level 5 in Dodging
 10854 | D:8      | Identified the +6 flail of Qahilyha {vamp, rPois rF+ rC+
                  | Int-5}
 11021 | D:8      | Reached *** piety under Hepliaklqana
 11461 | D:9      | Noticed Gastronok
 11462 | D:9      | Remembered your ancestor Ealamassi as a knight
 11478 | D:9      | Killed Gastronok
 11479 | D:9      | Reached skill level 10 in Spellcasting
 11486 | D:9      | Reached skill level 5 in Fighting
 11910 | D:9      | Found Fazoasa's Jewellery Shop.
 11912 | D:9      | Noticed a centaur warrior
 11927 | D:9      | Reached skill level 10 in Conjurations
 11957 | D:9      | Shot with an arrow by a centaur warrior

Illustrated notes

Levels and vault maps discovered:
D:1:      minmay_arrival_diagonal_passages, layout_loops_corners,
          ebering_ecumenical_altar_petrified
D:2:      layout_rooms, serial_shops, nicolae_shop_bloodbath_and_beyond,
          uniq_sigmund, uniq_robin, uniq_jessica
D:3:      layout_loops_ring, minmay_misc_feat_encased,
          wander_ebering_terrifying_dragon_lair
D:4:      layout_basic, jmf_multi_god_temple, biasface_ghost_orc_armoury
D:5:      layout_gridville, uniq_ijyb, uniq_pikel, uniq_menkaure
D:6:      layout_basic
D:7:      layout_layer_cave, grunt_temple_overflow_diamond,
          minmay_temple_entry_glassed_door, serial_shops, shop,
          nrook_mini_vaults, uniq_duvessa
D:8:      layout_layer_cave, lair_entry_dummy, uniq_maurice
D:9:      layout_layer_cave, serial_shops, shop, uniq_gastronok, uniq_psyche,
          uniq_maggie

Skill      XL: |  1  2  3  4  5  6  7  8  9 10 |
---------------+-------------------------------+-----
Dodging        | 3 4 5 |  5.9
Spellcasting   | 4 5 6 8 9 10 | 10.2
Conjurations   | 2 3 4 5 7 9 10 | 10.0
Earth Magic    | 4 5 6 7 8 |  8.7
Fighting       | 1 3 4 5 |  5.0
Necromancy     | 1 4 |  4.1
Stealth        | |  2.4
Transmutations | |  1.1

Action                   |  1- 3 |  4- 6 |  7- 9 | 10-12 || total
-------------------------+-------+-------+-------+-------++-------
Melee: Unarmed           |     2 |       |       |       ||     2
 Cast: Sandblast         |    51 |    22 |    18 |     1 ||    92
       Stone Arrow       |     4 |    37 |   137 |    46 ||   224
Invok: Ancestor Life: Kn |       |       |       |     1 ||     1
  Use: Scroll            |       |       |     5 |     1 ||     6
       Potion            |       |       |     1 |     2 ||     3
Armor: Robe              |     7 |     3 |    10 |       ||    20
Dodge: Dodged            |    13 |     7 |    28 |     3 ||    51

Table legend: (Time is in decaauts)
 A = Elapsed time spent in this place.
 B = Non-inter-level travel time spent in this place.
 C = Inter-level travel time spent in this place.
 D = Time resting spent in this place.
 E = Time spent auto-exploring this place.
 F = Levels seen in this place.
 G = Mean time per level.
                   A        B        C        D        E       F      G
               +--------+--------+--------+--------+--------+-----+--------+
         Total |  11957 |  11598 |    359 |   2262 |   7889 |   9 | 1328.6 |
       Dungeon |  11957 |  11598 |    359 |   2262 |   7889 |   9 | 1328.6 |
               +--------+--------+--------+--------+--------+-----+--------+

Top non-repeatable levels by time:
     D:6: 2135 daAuts
     D:7: 1672 daAuts
     D:8: 1538 daAuts
     D:4: 1459 daAuts
     D:1: 1237 daAuts
     D:5: 1187 daAuts
     D:2: 1078 daAuts
     D:3: 959 daAuts
     D:9: 689 daAuts
